 Dungeon Crawl Stone Soup version 0.29.1-1-gd02db6906a (webtiles) character file.

Game seed: 9160775979681658205

532 Sanktem7 the Trooper (level 7, -4/66 HPs)
             Began as a Minotaur Fighter on Oct 3, 2022.
             Killed by nerve-wracking pain
             ... invoked by an orc priest
              (11 damage)
             ... on level 5 of the Dungeon.
             The game lasted 00:06:50 (3511 turns).

Sanktem7 the Trooper (Minotaur Fighter)             Turns: 3511, Time: 00:06:51

Health: -4/66      AC: 11    Str: 22    XL:     7   Next: 3%
Magic:  6/6        EV:  6    Int:  5    God:
Gold:   185        SH:  4    Dex: 10    Spells: 6/6 levels left

rFire   . . .      SeeInvis .   a - +0 war axe {axe}
rCold   . . .      Faith    .   c - +0 buckler
rNeg    . . .      Spirit   .   m - +0 plate armour
rPois   .          Reflect  .   (helmet restricted)
rElec   .          Harm     .   (no cloak)
rCorr   .          Rampage  .   (no gloves)
Will    .....                   (no boots)
Stlth   ..........              (no amulet)
HPRegen 0.21/turn               (no ring)
MPRegen 0.10/turn               (no ring)

@: no status effects
A: horns 2, retaliatory headbutt
a: no special abilities


You were on level 5 of the Dungeon.
You visited 1 branch of the dungeon, and saw 5 of its levels.

You collected 185 gold pieces.


Innate Abilities, Weirdness & Mutations

You have a pair of horns on your head.
You reflexively headbutt those who attack you in melee.


   Skills:
 * Level 7.3 Fighting
 * Level 6.7 Axes
 - Level 3.6 Armour
 - Level 3.6 Shields


You had 6 spell levels left.
You didn't know any spells.
Your spell library was empty.

Inventory:

Hand Weapons
 a - a +0 war axe (weapon) {axe}
 A - a +0 morningstar of protection {mace}
   (You took it off an orc on level 5 of the Dungeon)
Missiles
 k - 28 stones (quivered) {throwing}
 o - 7 poisoned darts {throwing}
 w - a boomerang {throwing}
 y - 4 curare-tipped darts {=fthrowing}
Armour
 c - a +0 buckler (worn)
 m - a +0 plate armour (worn)
   (You found it on level 2 of the Dungeon)
Magical Staves
 z - a staff of earth {!astaff}
   (You found it on level 5 of the Dungeon)
Wands
 s - a wand of flame (13)
   (You took it off Ijyb on level 3 of the Dungeon)
Scrolls
 e - 6 scrolls of identify {unknown}
 f - 2 scrolls of butterflies {unknown}
 g - a scroll of silence {unknown}
 h - 4 scrolls of teleportation {unknown}
 i - 3 scrolls of enchant weapon {unknown}
 j - 2 scrolls of amnesia {unknown}
 l - a scroll of enchant armour {unknown}
 r - a scroll of vulnerability {unknown}
 t - a scroll of blinking {unknown}
 u - a scroll of torment {unknown}
 x - a scroll of magic mapping {unknown}
Potions
 b - 2 potions of flight {unknown}
 d - 2 potions of might
 n - a potion of degeneration {unknown}
 p - a potion of mutation {unknown}
 q - 2 potions of curing {@q1}
 v - a potion of attraction {unknown}

Dungeon Overview and Level Annotations

Branches:
Dungeon (5/15) Zot: 26302
 Temple: D:4-7

Altars:

Shops:
D:1 [

Annotations:
D:4 Eustachio

................###
.............####
#...........##
##..........##
#...####..###
.##... ##...#
......##....#
#.......)...#
.####..@)..#
##o.)..# #.....#
......# .......#
........#
.........#
...........
###.........#


You could see an orc priest.


Message History

Deactivating autopickup; reactivate with Ctrl-A.
You barely miss the orc. x2
The orc priest invokes the aid of Beogh against you.
Pain shoots through your body!
The orc hits you but does no damage. 😕 HP[-13]
You take 13 damage, and now have 53/66 hp.
You barely miss the orc. Your headbutt misses the orc. You hit something.
You hit the orc but do no damage. The orc barely misses you.
You furiously retaliate!
You headbutt the orc, but do no damage. The orc hits you with a +0 dagger.
Something hits you but does no damage.
You are too injured to fight recklessly!
You are too injured to fight recklessly! 😮 HP[-4]
You take 4 damage, and now have 49/66 hp.
You are too injured to fight recklessly!
You are too injured to fight recklessly!
You are too injured to fight recklessly!
You are too injured to fight recklessly!
You are too injured to fight recklessly!
You are too injured to fight recklessly!
You are too injured to fight recklessly!
You are too injured to fight recklessly!
You are too injured to fight recklessly!
You are too injured to fight recklessly!
You are too injured to fight recklessly!
You are too injured to fight recklessly!
You are too injured to fight recklessly!
You are too injured to fight recklessly!
You are too injured to fight recklessly!
You are too injured to fight recklessly!
You are too injured to fight recklessly!
You are too injured to fight recklessly!
You are too injured to fight recklessly!
You are too injured to fight recklessly!
Unknown command.
The orc hits you with a +0 war axe. 😮 HP[-4]
You take 4 damage, and now have 45/66 hp.
The orc attacks as you move away! The orc completely misses you.
You furiously retaliate!
You headbutt the orc. 😮 HP[+1]
You hit the orc but do no damage. You slash the orc!
You kill the orc!
The orc priest invokes the aid of Beogh against you.
Beogh smites you! 😮 HP[-12]
You take 12 damage, and now have 34/66 hp.
The orc priest hits you but does no damage.
The orc hits you with a +0 dagger.
* * * LOW HITPOINT WARNING * * *
Something hits you.
* * * LOW HITPOINT WARNING * * *
The orc hits you but does no damage. 😨 HP[-5]
You take 5 damage, and now have 29/66 hp.
You closely miss the orc priest. You slash the orc!
You kill the orc!
You hit the orc. You closely miss something.
Something hits you but does no damage. The orc hits you but does no damage.
The orc priest hits you with a +0 trident.
* * * LOW HITPOINT WARNING * * *
😨 HP[-4]
You take 4 damage, and now have 25/66 hp.
You closely miss the orc priest. Your headbutt misses the orc priest.
You barely miss the orc. You closely miss something.
Something hits you but does no damage. The orc hits you but does no damage.
The orc priest hits you but does no damage. 😨 HP[+1]
You hit the orc priest but do no damage.
You hit the orc. You barely miss something.
The orc priest invokes the aid of Beogh against you.
Beogh smites you!
* * * LOW HITPOINT WARNING * * *
Something hits you but does no damage.
The orc hits you but does no damage. 😱 HP[-13]
You take 13 damage, and now have 13/66 hp.
Unknown command.
You closely miss the orc priest. You closely miss the orc. You hit something.
The orc priest hits you but does no damage.
You block something's attack. You block the orc's attack.
You hit the orc priest but do no damage.
You closely miss something. You hit the orc.
You kill the orc!
The orc priest hits you with a +0 trident!
* * * LOW HITPOINT WARNING * * *
Something hits you but does no damage. x2
The orc priest hits you but does no damage. 😱 HP[-7]
You take 7 damage, and now have 6/66 hp.
You hit something but do no damage. You headbutt something.
You hit the orc priest.
The orc priest hits you but does no damage.
Something hits you but does no damage. 😱 HP[+1]
You slash something!
Reactivating autopickup.
You feel a bit more experienced.
You hit the orc priest.
The orc priest mumbles some strange prayers to Beogh against you.
Pain shoots through your body!
You die...

Skill      XL: |  1  2  3  4  5  6 |
---------------+-------------------+-----
Fighting       | 4 5 6 7 |  7.3
Axes           | 3 4 5 6 |  6.7
Armour         | |  3.6
Shields        | |  3.6

Action                   |  1- 3 |  4- 6 |  7- 9 || total
-------------------------+-------+-------+-------++-------
Melee: War axe           |    78 |   109 |    14 ||   201
       Headbutt          |     6 |    12 |     2 ||    20
  Use: Potion            |       |     1 |       ||     1
Armor: Chain mail        |    38 |       |       ||    38
       Scale mail        |     2 |       |       ||     2
       Plate armour      |    15 |   123 |    18 ||   156
Dodge: Dodged            |    28 |    41 |     3 ||    72
Block: Buckler           |    21 |    36 |     4 ||    61

Levels and vault maps discovered:
D:1:      amcnicky_arrival_flooded_fountain, layout_rooms,
          hellmonk_ecumenical_altar_zigzags, serial_shops,
          nicolae_shop_window_shopping
D:2:      layout_rooms, serial_forest, infiniplex_forest_clump_diagonal,
          infiniplex_forest_pool, infiniplex_forest_clump_long,
          infiniplex_forest_corner_1, infiniplex_forest_end_double
D:3:      layout_basic, minmay_parallelograms, uniq_ijyb
D:4:      layout_cave_pools, gammafunk_temple_overflow_statue, uniq_eustachio,
          uniq_pikel
D:5:      layout_cave_pods, serial_bayou, serial_bayou_lagoon_a,
          serial_bayou_pond_e, serial_bayou_pond_a, serial_bayou_pond_c,
          uniq_blork_the_orc

Notes
Turn   | Place    | Note
-------+----------+-------------------------------------------
     0 | D:1      | Sanktem7 the Minotaur Fighter began the quest for the Orb.
     0 | D:1      | Reached XP level 1. HP: 19/19 MP: 0/0
     0 | D:1      | magus.rc [v1.9.6]
   185 | D:1      | Found a faded altar of an unknown god.
   207 | D:1      | Reached skill level 4 in Fighting
   208 | D:1      | Reached skill level 3 in Axes
   208 | D:1      | Reached XP level 2. HP: 21/27 MP: 1/1
   364 | D:1      | Found Beokush's Antique Armour Shop.
   731 | D:2      | Reached XP level 3. HP: 33/34 MP: 2/2
  1232 | D:2      | Reached skill level 4 in Axes
  1565 | D:3      | Reached XP level 4. HP: 36/41 MP: 3/3
  1567 | D:3      | Reached skill level 5 in Fighting
  1772 | D:3      | Noticed Ijyb
  1779 | D:3      | Killed Ijyb
  2166 | D:3      | Reached XP level 5. HP: 38/48 MP: 4/4
  2666 | D:4      | Reached skill level 5 in Axes
  2812 | D:4      | Noticed Eustachio
  2835 | D:5      | Entered Level 5 of the Dungeon
  2860 | D:5      | HP: 12/50 [something (4)]
  2865 | D:5      | Reached skill level 6 in Fighting
  2879 | D:5      | HP: 12/50 [scorpion (3)]
  2885 | D:5      | HP: 8/50 [scorpion (4)]
  2886 | D:5      | HP: 3/50 [scorpion (5)]
  2893 | D:5      | HP: 3/50 [scorpion (2)]
  2896 | D:5      | Reached XP level 6. HP: 9/58 MP: 5/5
  3300 | D:5      | Reached skill level 6 in Axes
  3323 | D:5      | Reached skill level 7 in Fighting
  3366 | D:5      | Reached XP level 7. HP: 53/66 MP: 6/6
  3507 | D:5      | HP: 13/66 [orc priest/divine providence (13)]
  3509 | D:5      | HP: 6/66 [orc priest/+0 trident (7)]
  3511 | D:5      | Killed from afar by an orc priest

Vanquished Creatures
  A black bear (D:5)
  A necrophage (D:5)
  2 scorpions (D:5)
  A hound (D:4)
  Ijyb (D:3)
  3 orc wizards (D:5)
  3 gnolls (D:3)
  4 adders
  3 dart slugs
  20 orcs
  3 ball pythons
  5 bats
  5 endoplasms
  4 giant cockroaches
  5 goblins
  5 hobgoblins
  3 jackals (D:1)
  2 kobolds
  2 quokkas (D:1)
  3 frilled lizards
  7 rats
83 creatures vanquished.

Vanquished Creatures (others)
  4 plants (D:2)
4 creatures vanquished.

Grand Total: 87 creatures vanquished

Table legend:
 A = Non-vault XP
 B = Vault XP
 C = Vault XP percentage of total XP
 D = Non-vault monster count
 E = Vault monster count
 F = Vault count percentage of total count
                 A         B        C        D         E       F
            +---------+---------+-------+---------+---------+-------
      Total |     760 |      35 |   4.4 |      82 |       1 |   1.2
            +---------+---------+-------+---------+---------+-------
        D:1 |      37 |       0 |   0.0 |      18 |       0 |   0.0
        D:2 |      48 |       0 |   0.0 |      15 |       0 |   0.0
        D:3 |     106 |      35 |  24.8 |      26 |       1 |   3.7
        D:4 |      60 |       0 |   0.0 |       8 |       0 |   0.0
        D:5 |     509 |       0 |   0.0 |      15 |       0 |   0.0
            +---------+---------+-------+---------+---------+-------

Illustrated notes

Table legend:
 A = Kills in this place as a percentage of kills in entire the game.
 B = Kills by you in this place as a percentage of kills by you in the entire game.
 C = Kills by friends in this place as a percentage of kills by friends in the entire game.
 D = Other kills in this place as a percentage of other kills in the entire game.
 E = Experience gained in this place as a percentage of experience gained in the entire game.
 F = Experience gained in this place divided by the number of levels of this place that you have seen.
                   A       B       C       D       E      F
               +-------+-------+-------+-------+-------+----------------------
         Total | 100.0 | 100.0 |   N/A |   N/A | 100.0 | 159.0
       Dungeon | 100.0 | 100.0 |   N/A |   N/A | 100.0 | 159.0
               +-------+-------+-------+-------+-------+----------------------

Table legend: (Time is in decaauts)
 A = Elapsed time spent in this place.
 B = Non-inter-level travel time spent in this place.
 C = Inter-level travel time spent in this place.
 D = Time resting spent in this place.
 E = Time spent auto-exploring this place.
 F = Levels seen in this place.
 G = Mean time per level.
                   A        B        C        D        E       F      G
               +--------+--------+--------+--------+--------+-----+--------+
         Total |   3580 |   3492 |     88 |      0 |   2953 |   5 |  716.0 |
       Dungeon |   3580 |   3492 |     88 |      0 |   2953 |   5 |  716.0 |
               +--------+--------+--------+--------+--------+-----+--------+

Top non-repeatable levels by time:
     D:3: 1195 daAuts
     D:1: 732 daAuts
     D:2: 730 daAuts
     D:5: 696 daAuts
     D:4: 226 daAuts
